[Event "*** MasterClass Titled Tuesday Blitz"]
[Site "Chess.com"]
[Date "2017.09.05"]
[Round "6"]
[White "K_A_S_T_O_R"]
[Black "OparinGrigoriy"]
[Result "0-1"]
[WhiteElo "2604"]
[BlackElo "2621"]
[TimeControl "180+2"]
[EndTime "14:30:04 PDT"]
[Termination "OparinGrigoriy won by resignation"]

1. e4 e5 2. Nf3 Nc6 3. Bc4 Bc5 4.
c3 Nf6 5. d3 O-O 6. Bb3 a5 7.
O-O d6 8. h3 h6 9. Re1 Re8 10.
Nbd2 Ba7 11. Nf1 Be6 12. Ng3 Qd7 13. a4 Ne7 14. Bc2 Ng6 15. d4 c6 16. Be3 Qc7 17. Qd2 Rad8 18. Bxh6 gxh6 19. Qxh6 Qe7 20. Nf5 Bxf5 21.
exf5 Nf8 22. dxe5 dxe5 23. Rxe5 Qd6 24. Rxe8 Rxe8 25. Rd1 Qg3 26. Rd2 N8h7 27. Bb3 Qg7 28. Qf4 Ne4 29. Re2 Nhf6 30. g4 Nxf2 31. Rxf2 Ne4 32.
Nd4 Nxf2 33. Kxf2 Bb8 34. Qd2 Rd8 35. Qe3 Ba7 36. Kf3 Bxd4 37. cxd4 Qxd4 38. Qg5+ Kf8 39. Qh6+ Ke7 40. Qg5+ Qf6 41. Qxf6+ Kxf6 42. Bc4 Rd4 43. b3 b6 44. Ke3 Rd8 45. h4 Ke5 46. Bxf7 Rd4 47.
g5 Re4+ 48. Kd3 Rxh4 49. g6 Rg4 50. Be6 b5 51. axb5 cxb5 52. Kc3 Rg3+ 53. Kc2 b4 54. Kd2 Kf6 55. Kc2 Re3 56. Kd2 Rc3 57. Bd5 Rc5 58.
Be6 Rc6 59. Kd3 Rc7 60. Kd4 Rb7 61. Kd3 a4 62. Kc2 a3 63. Kb1 Rb6 64. Kc2 Rxe6 65.
fxe6 Kxe6 0-1

[Event "*** MasterClass Titled Tuesday Blitz"]
[Site "Chess.com"]
[Date "2017.09.05"]
[Round "6"]
[White "Noukii"]
[Black "Keaton87"]
[Result "1/2-1/2"]
[WhiteElo "2647"]
[BlackElo "2484"]
[TimeControl "180+2"]
[EndTime "14:30:06 PDT"]
[Termination "Game drawn by agreement"]

1. d4 d5 2. c4 e6 3. Nf3 Nf6 4. g3 Be7 5. Bg2 O-O 6. O-O dxc4 7. Qc2 a6 8. a4 Bd7 9. Bg5 Bc6 10. Bxf6 Bxf6 11.
Nbd2 Bxf3 12. Nxf3 Nd7 13. Qxc4 c6 14. a5 Qe7 15. e3 e5 16. d5 cxd5 17. Qxd5 Nc5 18. Rac1 Rac8 19. b4 Ne6 20. Qe4 Rxc1 21. Rxc1 Nd8 22.
Ne1 Nc6 23. Nd3 Qd6 24. Nc5 Qd2 25. Rb1 Be7 26. Nxa6 bxa6 27. Qxc6 Bxb4 28. Qxa6 Bxa5 29. Qb5 Bc3 30. Bd5 Qc2 31. Kg2 g6 32. Rb3 Be1 33.
Rb2 Qc3 34. Ra2 Qb4 35. Qd7 Qb6 36. Kf1 Bb4 37. Ra7 Qf6 38. Rb7 Bc5 39. Kg2 Kg7 40.
h4 h5 41. Rc7 Qd6 42. Qxd6 Bxd6 43. Rd7 Bb8 44. e4 Kf6 45. Kf3 Kg7 46. Ke2 Kf6 47. Ke3 Kg7 48. f4 Kf6 49. Kf3 Kg7 50. Rb7 Kf6 51. Bxf7 exf4 52. gxf4 Bxf4 53. Kxf4 Rxf7 54. Rxf7+ Kxf7 55. Kg5 Kg7 56. Kf4 Kf6 57. e5+ Ke7 58. Ke4 Ke6 59. Kf4 Ke7 60. Ke3 Kf7 61.
Kd4 Ke6 62. Ke4 Kd7 63. Kd5 Ke7 64. e6 g5 65. hxg5 h4 66. g6 h3 67. g7 h2 68.
g8=Q h1=Q+ 69. Ke5 Qe1+ 70. Kf5 Qf2+ 71. Ke5 Qe3+ 72.
Kf5 Qf3+ 73. Ke5 Qe3+ 74. Kf5 Qf3+ 75. Ke5 1/2-1/2

[Event "*** MasterClass Titled Tuesday Blitz"]
[Site "Chess.com"]
[Date "2017.09.05"]
[Round "6"]
[White "livestrong04"]
[Black "Art10ECHR"]
[Result "1/2-1/2"]
[WhiteElo "2365"]
[BlackElo "2232"]
[TimeControl "180+2"]
[EndTime "14:30:21 PDT"]
[Termination "Game drawn by repetition"]

1. e4 c5 2. c3 Nf6 3. e5 Nd5 4. d4 cxd4 5. Nf3 e6 6. cxd4 d6 7. Bc4 Be7 8. O-O O-O 9. Bd2 b6 10. Qe2 Bb7 11. Nc3 Nxc3 12. Bxc3 Bxf3 13. Qxf3 d5 14. Bd3 Nc6 15. a3 a6 16. g3 b5 17. h4 Qb6 18. Qg4 a5 19. Rfd1 b4 20.
Be1 Nxd4 21. Bxh7+ Kxh7 22. Rxd4 Bc5 23. Rf4 bxa3 24.
bxa3 Qb2 25. Rd1 Qxe5 26. Rf3 Kg8 27. Rc1 Rfc8 28. Bc3 d4 29. Re1 Qd5 30. Bd2 d3 31. h5 f5 32. Qg6 Qxf3 33. h6 Qxf2+ 34. Kh1 Rc7 35. Bc3 Bd4 36. Qxe6+ Kh8 37. Qd5 Rf8 38. hxg7+ Rxg7 39. Qxd4 Qxd4 40. Bxd4 Rd8 41. Bc3 Kh7 42. Bxg7 Kxg7 43. Kg2 Kf6 44. Rd1 Ke5 45. Kf3 d2 46. Ke3 Rd7 47. a4 Rd6 48. Rxd2 Rxd2 49. Kxd2 Ke4 50. Ke2 Kd4 51. Kd2 Kc4 52. Ke3 Kd5 53. Kd3 Ke5 54. Ke3 Kd5 55. Kf4 Ke6 56. Kg5 Ke5 57. Kg6 Ke4 58. Kg5 Ke5 59. Kg6 Ke4 60. Kg5 Ke5 61. Kg6 1/2-1/2

[Event "*** MasterClass Titled Tuesday Blitz"]
[Site "Chess.com"]
[Date "2017.09.05"]
[Round "6"]
[White "BilodeauA"]
[Black "VSERGUEI"]
[Result "1-0"]
[WhiteElo "2661"]
[BlackElo "2572"]
[TimeControl "180+2"]
[EndTime "14:30:34 PDT"]
[Termination "BilodeauA won on time"]

1. d4 d5 2. Nc3 Nf6 3. Bf4 a6 4. e3 e6 5. g4 c5 6. g5 Nfd7 7. h4 Nc6 8. Nge2 b5 9. Ng3 Qa5 10. Bg2 cxd4 11. exd4 Qb4 12. Ne2 Qxb2 13. O-O Qa3 14. Qd3 b4 15. Bxd5 exd5 16. Qe3+ Be7 17. Bd6 Kf8 18. Bxe7+ Nxe7 19. Rfe1 bxc3 20. Nf4 Qd6 21.
Nxd5 Qe6 22. Nxe7 Qxe3 23. Rxe3 g6 24. Rb1 Kg7 25. Rxc3 Rd8 26. d5 Ne5 27. Re1 Nd7 28. Rc7 Nb6 29. c4 Rd7 30. Nxc8 Rxc8 31. Rxc8 Nxc8 32.
Rb1 Rc7 33. Rc1 Nb6 34. d6 Rc6 35. Rd1 Nd7 36. Rd4 f5 37. Kg2 Kf7 38. Kg3 Ke6 39. Rd3 Rxd6 40. Re3+ Kf7 41. Ra3 Rc6 42. f3 Ne5 43. c5 Nd7 44. Kf4 Nxc5 45. Ke5 Ne6 46.
Rb3 Rc7 47. Kd6 Re7 48. Re3 Re8 49. Rb3 Re7 50. Re3 f4 51. Re4 Re8 52. Rb4 Ng7 53. Rxf4+ Nf5+ 54. Kc6 Re6+ 55. Kb7 Ke7 56. a4 Kd7 57. a5 Rc6 58. h5 Nd6+ 59. Ka7 Nb5+ 60. Kb7 Nc7 61. Rf7+ Kd6 62. hxg6 Ne6 63. gxh7 Nc5+ 64.
Ka7 Rc8 65. g6 Rh8 66. g7 Rxh7 67. g8=Q 1-0

[Event "*** MasterClass Titled Tuesday Blitz"]
[Site "Chess.com"]
[Date "2017.09.05"]
[Round "6"]
[White "jlandaw"]
[Black "Kirill_Klukin"]
[Result "1-0"]
[WhiteElo "2406"]
[BlackElo "2493"]
[TimeControl "180+2"]
[EndTime "14:30:34 PDT"]
[Termination "jlandaw won by checkmate"]

1. e4 c5 2. Nc3 Nc6 3. g3 g6 4.
Bg2 Bg7 5. d3 d6 6. f4 e6 7. Nf3 Nge7 8. O-O O-O 9. Be3 Nd4 10. e5 Nef5 11. Bf2 Bd7 12. Ne4 dxe5 13. Nxe5 Rc8 14. c3 Nc6 15. Nxd7 Qxd7 16. Nxc5 Qe7 17.
d4 Rfd8 18. Qe2 b6 19. Nd3 Qc7 20. g4 Nfe7 21. Bh4 Re8 22. Ne5 Nd5 23. Kh1 f6 24. Nd3 Qd7 25. Rae1 Na5 26. Qf3 Nc4 27. f5 Nd2 28.
fxe6 Qe7 29. Qxd5 Nxf1 30. Bxf1 Rcd8 31. Qf3 Qd6 32. Bg2 Rxe6 33. Rxe6 Qxe6 34. Nf4 Qf7 35. Bg3 Qxa2 36. Qd5+ Qxd5 37. Bxd5+ Kh8 38. Bb3 Bh6 39. Ne6 Re8 40. Bh4 Bg5 41. Bxg5 fxg5 42. d5 Re7 43. d6 Rd7 44. Nxg5 Kg7 45. Ne4 h6 46. Kg2 g5 47.
Kf3 Kg6 48. Ke3 b5 49. Kd4 a5 50. Ke5 a4 51. Be6 Rd8 52. d7 h5 53. h3 hxg4 54. hxg4 Rb8 55. Kd6 Rd8 56. Ke7 Rh8 57. d8=Q Rxd8 58.
Kxd8 b4 59. cxb4 a3 60. bxa3 Kg7 61. Ke7 Kh6 62. Kf6 Kh7 63. Nxg5+ Kh8 64. Nf7+ Kh7 65.
Bf5+ Kg8 66. Bb1 Kf8 67. Bh7 Ke8 68. Ne5 Kf8 69. Nd7+ Ke8 70. Ke6 Kd8 71. Kd6 Ke8 72. Bg6+ Kd8 73. Bf7 Kc8 74. Nc5 Kd8 75. Nb7+ Kc8 76.
Kc6 Kb8 77. Kb6 Kc8 78. Be6+ Kb8 79. Nc5 Ka8 80. Bf5 Kb8 81. Na6+ Ka8 82. Be4# 1-0

[Event "*** MasterClass Titled Tuesday Blitz"]
[Site "Chess.com"]
[Date "2017.09.05"]
[Round "6"]
[White "HKBurwell"]
[Black "Rodalquilar"]
[Result "1-0"]
[WhiteElo "2363"]
[BlackElo "2504"]
[TimeControl "180+2"]
[EndTime "14:30:48 PDT"]
[Termination "HKBurwell won on time"]

1. d4 d5 2. c4 dxc4 3. Nf3 Nf6 4. e3 g6 5. Bxc4 Bg7 6. Nc3 O-O 7. h3 Ne8 8. O-O Nd6 9. Bd3 Nc6 10. Qe2 e5 11. dxe5 Nxe5 12. Nxe5 Bxe5 13. f4 Bg7 14. e4 Re8 15.
Bd2 c6 16. Qf2 Nf5 17. Qf3 Nh4 18. Qg3 Qb6+ 19. Kh2 Qxb2 20. Rfd1 Rd8 21. Rab1 Qa3 22. Bc4 Rd4 23. Bb3 Qe7 24. Be1 g5 25. Rxd4 Bxd4 26. Rd1 Bg7 27. Qxg5 Qxg5 28. fxg5 Be5+ 29. Kg1 Ng6 30. Rd8+ Kg7 31. h4 Rb8 32. h5 Nf4 33. h6+ Kg6 34. Rg8+ Kh5 35. Bxf7+ Kg4 36. g3 Nd3 37.
Bd2 Kh3 38. Rxc8 Rxc8 39. Be6+ Kxg3 40. Bxc8 Nb2 41. Ne2+ Kf3 42. Bc3 Nc4 43. Bxe5 Nxe5 44. Nd4+ Kxe4 45. Bf5+ Kxd4 46. Bxh7 Nf3+ 47. Kf2 Nxg5 48.
Bg8 Kc3 49. Kg3 Ne4+ 50. Kf4 Nf6 51. Kf5 Nxg8 52. h7 Ne7+ 53. Kg5 Nd5 54. h8=Q+ Kb4 55. Qb8 b5 56. Qxa7 c5 57. a3+ Kc4 58. Kf5 Nc3 59.
Ke5 Na4 60. Qf7+ Kc3 61. Kd5 c4 62. Kc6 Kb3 63. Kxb5 Nc3+ 64. Kc5 Na4+ 65. Kd4 Nb2 66. a4 Kxa4 67. Kc3 Nd1+ 68. Kxc4 Nb2+ 69. Kc3 Nd1+ 70.
Kd2 Nb2 71. Qa2+ 1-0

[Event "*** MasterClass Titled Tuesday Blitz"]
[Site "Chess.com"]
[Date "2017.09.05"]
[Round "6"]
[White "Sanan_Sjugirov"]
[Black "ALeks_Ivlev"]
[Result "1/2-1/2"]
[WhiteElo "2641"]
[BlackElo "2444"]
[TimeControl "180+2"]
[EndTime "14:31:00 PDT"]
[Termination "Game drawn - insufficient material"]

1. d4 Nf6 2. Nf3 e6 3. Bg5 d5 4. Nbd2 Be7 5. e3 Nbd7 6. Bd3 c5 7. c3 b6 8. Qe2 Bb7 9. Ne5 Nxe5 10. dxe5 Nd7 11.
Bxe7 Qxe7 12. f4 O-O 13. Nf3 f6 14. exf6 Qxf6 15. Bb5 Nb8 16. Ne5 a6 17. Ba4 b5 18.
Bc2 Nc6 19. Nd7 Qh4+ 20. g3 Qe7 21. Nxf8 Rxf8 22. O-O Qf6 23. e4 d4 24. e5 Qe7 25. Be4 Rd8 26. Rad1 Qc7 27. Qh5 g6 28. Qg5 Rf8 29. h4 dxc3 30. bxc3 b4 31. h5 bxc3 32. hxg6 Nd4 33. gxh7+ Kh8 34. Bxb7 Qxb7 35. Qg4 c2 36. Rc1 Qe4 37. Kh2 Qxh7+ 38. Qh3 Qxh3+ 39. Kxh3 Kg7 40. Kg4 Kg6 41. Rf2 Rc8 42. Rfxc2 Nxc2 43. Rxc2 c4 44. Kf3 c3 45. Ke4 Kh5 46. Kd4 Rd8+ 47. Kxc3 Kg4 48. Kb4 Rb8+ 49. Ka5 Kxg3 50. Rc4 Kg4 51. a4 Ra8 52. Kb6 a5 53. Kb7 Rf8 54. Kb6 Ra8 55. Rc6 Kf5 56. Kb5 Ra7 57. Rc4 Ra8 58. Kb6 Kg4 59. Rc6 Kf5 60. Rd6 Rc8 61. Kxa5 Rc4 62.
Kb5 Rxf4 63. a5 Kxe5 64. Rd1 Rf8 65. a6 Ke4 66. Kc6 e5 67. a7 Ke3 68. Re1+ Kd4 69.
Rd1+ Kc4 70. Rb1 Ra8 71. Kb7 Rxa7+ 72. Kxa7 e4 73. Kb6 e3 74. Rc1+ Kd3 75. Kc5 e2 76. Ra1 Kd2 77. Ra2+ Ke3 78. Rxe2+ Kxe2 1/2-1/2

[Event "*** MasterClass Titled Tuesday Blitz"]
[Site "Chess.com"]
[Date "2017.09.05"]
[Round "6"]
[White "XeresLt"]
[Black "AdrianaNikolova"]
[Result "1/2-1/2"]
[WhiteElo "2379"]
[BlackElo "2254"]
[TimeControl "180+2"]
[EndTime "14:33:25 PDT"]
[Termination "Game drawn - insufficient material"]

1. e4 d5 2. exd5 Qxd5 3. Nc3 Qd8 4. Bc4 Nf6 5. d3 a6 6. Qe2 e6 7. Bd2 b5 8. Bb3 c5 9. a4 b4 10. Ne4 Bb7 11. Nf3 Nbd7 12. O-O Be7 13. Neg5 Bd5 14. Nxf7 Kxf7 15. Ng5+ Ke8 16. Nxe6 Bxe6 17. Qxe6 Qb6 18.
Qf7+ Kd8 19. Rfe1 Re8 20. Re6 Bd6 21. Rae1 Rxe6 22. Rxe6 Kc7 23. Bf4 Re8 24. Rxe8 Nxe8 25. Qxe8 Bxf4 26. g3 Bd6 27. Be6 Qc6 28. Qf7 Be5 29.
b3 Bd4 30. Bh3 h6 31. Kf1 Qd6 32. f4 Kc6 33. Bg2+ Kc7 34. Qe8 Bc3 35. Qe4 Nf6 36.
Qb7+ Kd8 37. Bh3 Ke8 38. Bf5 Qe7 39. Bg6+ Kf8 40. Qc8+ Ne8 41. Qf5+ Kg8 42. Kg2 Qe2+ 43. Kh3 Qe7 44. Qd5+ Kf8 45. Qa8 Qd7+ 46. Kg2 Qe7 47. Qxa6 Bd4 48. Kh3 Qf6 49. Qxf6+ Nxf6 50. a5 Nd5 51. a6 Nc7 52. a7 c4 53. dxc4 Bxa7 54.
Kg2 Ke7 55. Be4 Ne6 56. Kf3 Nd4+ 57. Ke3 Kf6 58. Kd3 Bc5 59. h3 g5 60. fxg5+ hxg5 61. c3 Nxb3 62. cxb4 Bxb4 63. Bf3 Bc5 64. h4 gxh4 65.
gxh4 Nd4 66. Bd1 Ke5 67. h5 Nf5 68. Bg4 Nh6 69. Bh3 Nf7 70. Bg2 Kf5 71. Bf3 Kf4 72. Bd1 Ne5+ 73. Kc3 Kg5 74. Kb3 Nd3 75. Bc2 Nf4 76. Ka4 Kxh5 77. Kb5 Be3 78. c5 Ne6 79. Kc4 Nxc5 80. Bd1+ Kg5 81. Bc2 Bg1 82. Bd1 Kf4 83. Bc2 Ke5 84. Bd1 Bd4 85. Bc2 Nd7 86. Kd3 Nb6 87. Bb3 Nd7 88. Bc2 Nc5+ 89. Kc4 Ne6 90. Bb1 Nf4 91. Bc2 Bg1 92. Bb1 Nd5 93. Bh7 Ne3+ 94. Kd3 Ng4 95. Kc4 Nf6 96. Bb1 Nd7 97.
Bh7 Nb6+ 98. Kd3 Bd4 99. Bg8 Na4 100. Kc4 Nb2+ 101. Kb5 Kd6 102. Bh7 Bc5 103. Bg6 Kd5 104. Bf7+ Kd4 105. Bg6 Nc4 106. Bh7 Kd5 107. Bg8+ Kd4 108. Bxc4 Be7 109. Bd5 Kxd5 1/2-1/2

[Event "*** MasterClass Titled Tuesday Blitz"]
[Site "Chess.com"]
[Date "2017.09.05"]
[Round "7"]
[White "Indianlad"]
[Black "aa175"]
[Result "1-0"]
[WhiteElo "2603"]
[BlackElo "1859"]
[TimeControl "180+2"]
[EndTime "14:36:00 PDT"]
[Termination "Indianlad won by resignation"]

1. e4 e5 2. f4 exf4 3. Bc4 Bc5 4. Bxf7+ Kxf7 5. Qh5+ g6 6. Qxc5 Qh4+ 7. Kf1 Na6 8. Qc4+ Kg7 9. b3 Nf6 10. Nf3 Qh5 11. Bb2 d6 12. Bxf6+ Kxf6 13. Qd4+ Kf7 14. Qxh8 Bh3 15. Qc3 Bxg2+ 16. Kxg2 Qg4+ 17. Kf2 1-0

[Event "*** MasterClass Titled Tuesday Blitz"]
[Site "Chess.com"]
[Date "2017.09.05"]
[Round "7"]
[White "sergiochess83"]
[Black "jcibarra"]
[Result "1/2-1/2"]
[WhiteElo "2761"]
[BlackElo "2703"]
[TimeControl "180+2"]
[EndTime "14:36:01 PDT"]
[Termination "Game drawn by agreement"]

1. Nf3 Nf6 2. d4 g6 3. Bf4 d6 4.
e3 Bg7 5. h3 O-O 6. Be2 c5 7.
c3 Be6 8. dxc5 dxc5 9. Qxd8 Rxd8 10. Nbd2 Nc6 11. Ng5 Bd7 12. Bc7 Rdc8 13. Bh2 Rd8 14.
Bc7 Rdc8 15. Bh2 Rd8 1/2-1/2

[Event "*** MasterClass Titled Tuesday Blitz"]
[Site "Chess.com"]
[Date "2017.09.05"]
[Round "7"]
[White "IamSchrodingersCat"]
[Black "BartoszSocko"]
[Result "0-1"]
[WhiteElo "2437"]
[BlackElo "2629"]
[TimeControl "180+2"]
[EndTime "14:36:30 PDT"]
[Termination "BartoszSocko won by resignation"]

1. e4 e6 2. d4 d5 3. Nc3 Bb4 4. e5 Ne7 5. a3 Bxc3+ 6. bxc3 c5 7. h4 Qc7 8. Nf3 Bd7 9. a4 Nbc6 10. h5 h6 11. Rh4 cxd4 12. cxd4 Nb4 13. c3 Qxc3+ 14. Ke2 Qxa1 0-1

[Event "*** MasterClass Titled Tuesday Blitz"]
[Site "Chess.com"]
[Date "2017.09.05"]
[Round "7"]
[White "Robin-Side"]
[Black "DiogenesSinopeus"]
[Result "0-1"]
[WhiteElo "2266"]
[BlackElo "2369"]
[TimeControl "180+2"]
[EndTime "14:38:07 PDT"]
[Termination "DiogenesSinopeus won by resignation"]

1. e4 e5 2. f4 Bc5 3. Nf3 d6 4. Bc4 Nf6 5. Nc3 Nc6 6. d3 Bg4 7. Na4 O-O 8. Nxc5 dxc5 9. O-O Qd6 10. Qd2 Bxf3 11. gxf3 exf4 12. Qxf4 Ne5 13. Bb3 b5 14.
Be3 Qe7 15. Qg5 c4 16. dxc4 bxc4 17. Ba4 c5 18. Rad1 Rfd8 19. Bd2 Rd6 20. Bc3 Rxd1 21. Rxd1 Nxf3+ 0-1

[Event "*** MasterClass Titled Tuesday Blitz"]
[Site "Chess.com"]
[Date "2017.09.05"]
[Round "7"]
[White "Darkbluelord"]
[Black "Daniela_Movileanu"]
[Result "0-1"]
[WhiteElo "2136"]
[BlackElo "2026"]
[TimeControl "180+2"]
[EndTime "14:38:23 PDT"]
[Termination "Daniela_Movileanu won by resignation"]

1. e4 c5 2. Nc3 d6 3. f4 g6 4. Nf3 Bg7 5. Bc4 Nc6 6. O-O e6 7. f5 Nge7 8. fxe6 Bxe6 9. Bxe6 fxe6 10. Ng5 Qd7 11. Qg4 Nd4 12. Rf7 Be5 13. Rxh7 Rxh7 14. Nxh7 O-O-O 15. Ng5 Rf8 16. d3 Nxc2 17. Rb1 Bd4+ 18.
Be3 Nxe3 19. Qxe6 Nd1+ 0-1

[Event "*** MasterClass Titled Tuesday Blitz"]
[Site "Chess.com"]
[Date "2017.09.05"]
[Round "7"]
[White "Witik"]
[Black "Yaacovn"]
[Result "1-0"]
[WhiteElo "2551"]
[BlackElo "2632"]
[TimeControl "180+2"]
[EndTime "14:39:13 PDT"]
[Termination "Witik won by resignation"]

1. e4 c6 2. d4 d5 3. e5 Bf5 4. h4 Qb6 5. Nc3 h6 6. g4 Bd7 7. h5 e6 8. f4 c5 9. Nf3 Nc6 10. Be3 cxd4 11. Nxd4 Nxd4 12. Bxd4 Bc5 13. Bxc5 Qxc5 14.
Qd2 Bc6 15. Rh2 f6 16. O-O-O fxe5 17. fxe5 Ne7 18. Ne2 O-O-O 19. Nd4 Bd7 20. Rh3 Kb8 21.
Rc3 Qb6 22. Rb3 Qc7 23. Bb5 Bc8 24. Qb4 a5 25. Qa3 b6 26. Qxe7 1-0

[Event "*** MasterClass Titled Tuesday Blitz"]
[Site "Chess.com"]
[Date "2017.09.05"]
[Round "7"]
[White "PrinceMurad09"]
[Black "Mistheoretical"]
[Result "1-0"]
[WhiteElo "2356"]
[BlackElo "2200"]
[TimeControl "180+2"]
[EndTime "14:39:21 PDT"]
[Termination "PrinceMurad09 won by resignation"]

1. e4 e6 2. d3 d5 3. Qe2 c5 4. Nf3 Nc6 5. g3 Nge7 6. Bg2 g6 7. O-O Bg7 8. e5 h6 9. h4 Qc7 10. Re1 b6 11. a4 Bb7 12. c3 a6 13. Na3 Na5 14.
Bf4 Nac6 15. Nc2 b5 16. axb5 axb5 17. c4 bxc4 18. dxc4 Na5 19. Na3 d4 20. Nb5 Qb6 21. Nd6+ Kf8 22. Nxb7 Qxb7 23. Nxd4 Nac6 24. Rxa8+ Qxa8 25. Nxc6 Nxc6 26. Qe4 1-0

[Event "*** MasterClass Titled Tuesday Blitz"]
[Site "Chess.com"]
[Date "2017.09.05"]
[Round "7"]
[White "GM_dmitrij"]
[Black "livestrong04"]
[Result "1-0"]
[WhiteElo "2637"]
[BlackElo "2360"]
[TimeControl "180+2"]
[EndTime "14:39:54 PDT"]
[Termination "GM_dmitrij won by resignation"]

1. e4 c5 2. Nf3 e6 3. d4 cxd4 4.
Nxd4 a6 5. c4 Nf6 6. Nc3 Bb4 7.
Bd3 Nc6 8. Nc2 Be7 9. O-O d5 10. exd5 exd5 11. cxd5 Nxd5 12. Nxd5 Qxd5 13. Bf4 Be6 14. Re1 Rd8 15. Be4 Qxd1 16. Raxd1 Rxd1 17. Rxd1 Bxa2 18. Nd4 Nxd4 19. Rxd4 Bf6 20. Rd2 O-O 21.
Bxb7 a5 22. h3 a4 23. Bc6 Bb3 24. Bd6 Rd8 25. Re2 Bxb2 26. Rxb2 Rxd6 27. Bxa4 Rd1+ 28. Kh2 Rd2 29. Rxd2 Bxa4 30. Rd8+ 1-0

[Event "*** MasterClass Titled Tuesday Blitz"]
[Site "Chess.com"]
[Date "2017.09.05"]
[Round "7"]
[White "WeiYi1999"]
[Black "johnathan113"]
[Result "1-0"]
[WhiteElo "2165"]
[BlackElo "2515"]
[TimeControl "180+2"]
[EndTime "14:40:15 PDT"]
[Termination "WeiYi1999 won by resignation"]

1. e4 c5 2. c3 g6 3. d4 cxd4 4. cxd4 d5 5. e5 Bg7 6. Nc3 Nh6 7. Bb5+ Nc6 8. h3 O-O 9. Nf3 f6 10. O-O fxe5 11. Bxc6 bxc6 12. Nxe5 Nf5 13. Na4 Qd6 14. Bf4 Nxd4 15. Qxd4 Rxf4 16. Qxf4 Bxe5 17. Qe3 Bf5 18. Rae1 Bf6 19. g4 Bc8 20. g5 Bg7 21. Qxe7 Qf4 22. Qd8+ Bf8 23. Re3 Qxa4 24. Rf3 Qb4 25.
Qe8 Qe7 26. Re1 Qxg5+ 27. Kh2 Qh6 28. Qf7+ Kh8 29. Re8 Bf5 30. Rxa8 1-0

[Event "*** MasterClass Titled Tuesday Blitz"]
[Site "Chess.com"]
[Date "2017.09.05"]
[Round "7"]
[White "yurisolo"]
[Black "TrickyTrapChess"]
[Result "1-0"]
[WhiteElo "2583"]
[BlackElo "2317"]
[TimeControl "180+2"]
[EndTime "14:40:19 PDT"]
[Termination "yurisolo won by resignation"]

1. e4 e6 2. d4 d5 3. Nc3 Nf6 4. e5 Nfd7 5. f4 c5 6. Nf3 Nc6 7. Be3 a6 8. Qd2 b5 9. a3 Qb6 10. Ne2 Bb7 11. dxc5 Bxc5 12. Ned4 Nxd4 13. Nxd4 f6 14. b4 Bxd4 15. Bxd4 Qc7 16. exf6 Nxf6 17. Bd3 O-O 18. O-O Rac8 19. a4 Qc6 20. axb5 axb5 21. Ra5 Ne4 22. Qe3 Qc7 23. Rxb5 Qf7 24. Rb6 Rc6 25. Rxc6 Bxc6 26. b5 Bb7 27. c4 g5 28.
fxg5 Qe7 29. Rxf8+ Qxf8 30. c5 Qa8 31. c6 Bxc6 32.
bxc6 Qxc6 33. h4 Qc7 34. Bxe4 dxe4 35. Qc3 Qd8 36. Qc5 Qa8 37. Qe5 1-0

[Event "*** MasterClass Titled Tuesday Blitz"]
[Site "Chess.com"]
[Date "2017.09.05"]
[Round "7"]
[White "AbdAlAgathos"]
[Black "Peroncio"]
[Result "1-0"]
[WhiteElo "2352"]
[BlackElo "2398"]
[TimeControl "180+2"]
[EndTime "14:40:32 PDT"]
[Termination "AbdAlAgathos won on time"]

1. e4 c5 2. Nf3 d6 3. c3 Nf6 4.
Be2 g6 5. Bb5+ Nbd7 6. d3 Bg7 7. O-O O-O 8. Re1 a6 9. Ba4 b5 10. Bc2 Bb7 11. d4 e5 12. d5 Nh5 13. g3 f5 14. Ng5 Qe7 15. exf5 Nhf6 16. fxg6 hxg6 17.
Bxg6 Bxd5 18. Nd2 Bb7 19. Nf1 d5 20. Ne3 d4 21. Nf5 Qd8 22. Ne6 Qb6 23. Nexg7 Qc6 24. Ne7+ 1-0

[Event "*** MasterClass Titled Tuesday Blitz"]
[Site "Chess.com"]
[Date "2017.09.05"]
[Round "7"]
[White "Sebastian"]
[Black "XDPS"]
[Result "1-0"]
[WhiteElo "2826"]
[BlackElo "2581"]
[TimeControl "180+2"]
[EndTime "14:40:36 PDT"]
[Termination "Sebastian won by resignation"]

1. e4 c5 2. Nf3 d6 3. d4 cxd4 4. Nxd4 Nf6 5. Nc3 a6 6. f3 e6 7.
Be3 b5 8. Qd2 b4 9. Na4 Nbd7 10.
O-O-O Qa5 11. b3 Bb7 12. a3 Qc7 13. axb4 d5 14. Bf2 e5 15. Nf5 dxe4 16. Bc4 h5 17. Rhe1 g6 18. Nd6+ Bxd6 19. Qxd6 Qxd6 20. Rxd6 exf3 21.
gxf3 Bxf3 22. Nc5 Bg4 23. Bh4 Ke7 24. Rxd7+ Bxd7 25. Rxe5+ Kd6 26. Bxf6 Rhe8 27. Rd5+ 1-0

[Event "*** MasterClass Titled Tuesday Blitz"]
[Site "Chess.com"]
[Date "2017.09.05"]
[Round "7"]
[White "HanSchut"]
[Black "SavelijTartakover"]
[Result "0-1"]
[WhiteElo "2331"]
[BlackElo "2564"]
[TimeControl "180+2"]
[EndTime "14:40:39 PDT"]
[Termination "SavelijTartakover won by resignation"]

1. e4 c5 2. Nf3 d6 3. d4 cxd4 4. Nxd4 Nf6 5. Nc3 Nc6 6. Bg5 e6 7. Qd2 a6 8. O-O-O Bd7 9. f3 Be7 10. Kb1 b5 11. Nxc6 Bxc6 12. Qe3 Ng4 13. fxg4 Bxg5 14.
Qg3 Be7 15. e5 d5 16. Ne4 O-O 17. g5 dxe4 18. Rxd8 Rfxd8 19. Be2 Rd2 20. Qe3 Rad8 21. Kc1 R2d5 22. h4 Bc5 23. Qf4 e3 24. Rf1 R8d7 25.
Bd3 Bd4 26. h5 Rxe5 27. g6 f5 28. gxh7+ Kxh7 29. g4 e2 30. gxf5 Be3+ 31. Qxe3 Rxe3 32. fxe6+ Rdxd3 33. cxd3 exf1=Q+ 0-1

[Event "*** MasterClass Titled Tuesday Blitz"]
[Site "Chess.com"]
[Date "2017.09.05"]
[Round "7"]
[White "Jahonas"]
[Black "Saitama_Hero"]
[Result "1-0"]
[WhiteElo "2236"]
[BlackElo "2319"]
[TimeControl "180+2"]
[EndTime "14:40:43 PDT"]
[Termination "Jahonas won by checkmate"]

1. d4 Nf6 2. Nf3 c5 3. dxc5 e6 4. g3 Bxc5 5. Bg2 O-O 6. O-O d5 7. a3 Nc6 8. b4 Bb6 9. Bb2 a5 10. b5 Ne7 11. Nc3 Nf5 12. Na4 Bc7 13. Nd4 Nd6 14.
Nb3 Nxb5 15. c4 dxc4 16. Nbc5 Rb8 17. Qc2 Nd6 18. Rfd1 b5 19. Nc3 Qe7 20. a4 Bb6 21.
N3e4 Ndxe4 22. Nxe4 Nxe4 23. Bxe4 f5 24. Bf3 Ba6 25.
Bc6 Qc5 26. axb5 Qxf2+ 27. Kh1 Bb7 28. Qxc4 Bxc6+ 29. bxc6 Be3 30. Qxe6+ Kh8 31. Qe5 Rg8 32.
c7 Qxe2 33. Qxg7+ Rxg7 34. cxb8=Q# 1-0

[Event "*** MasterClass Titled Tuesday Blitz"]
[Site "Chess.com"]
[Date "2017.09.05"]
[Round "7"]
[White "ALeks_Ivlev"]
[Black "K_A_S_T_O_R"]
[Result "0-1"]
[WhiteElo "2439"]
[BlackElo "2609"]
[TimeControl "180+2"]
[EndTime "14:41:02 PDT"]
[Termination "K_A_S_T_O_R won by resignation"]

1. d4 Nf6 2. c4 e6 3. Nf3 Bb4+ 4.
Nbd2 O-O 5. a3 Be7 6. e4 d6 7.
Bd3 c5 8. d5 Nbd7 9. dxe6 fxe6 10. e5 Nxe5 11. Nxe5 dxe5 12. Qe2 Bd7 13. O-O Bc6 14.
Ne4 Qc8 15. Bg5 Rd8 16. Bxf6 gxf6 17. f4 f5 18. Ng3 e4 19. Bc2 Bf6 20. Rad1 Qc7 21. b4 Bd4+ 22. Kh1 b6 23. b5 Bb7 24. Nh5 Qf7 25. Ng3 Kh8 26. h3 Rg8 27. Kh2 Qg6 28.
Nh1 Rg7 29. g3 Rag8 30. a4 e5 31. fxe5 Bxe5 32. Qe3 h5 33. h4 Qf6 34. Kh3 Bc8 35.
Rf4 Bxf4 36. Qxf4 Rg4 37. Qd6 Rxg3+ 38. Nxg3 f4+ 39. Kh2 Qxh4+ 40. Kg2 Rxg3+ 41. Kf1 Qh1+ 42. Ke2 Qh2+ 0-1

[Event "*** MasterClass Titled Tuesday Blitz"]
[Site "Chess.com"]
[Date "2017.09.05"]
[Round "7"]
[White "OparinGrigoriy"]
[Black "BilodeauA"]
[Result "1-0"]
[WhiteElo "2630"]
[BlackElo "2652"]
[TimeControl "180+2"]
[EndTime "14:41:06 PDT"]
[Termination "OparinGrigoriy won by resignation"]

1. e4 c5 2. Nf3 Nc6 3. Nc3 d6 4. d4 cxd4 5. Nxd4 Nf6 6. Bg5 e6 7. Qd2 a6 8. O-O-O Bd7 9. f3 Be7 10. Kb1 Rc8 11. Be3 b5 12. g4 Ne5 13. g5 Nh5 14. a3 Qc7 15. f4 Nc4 16. Bxc4 Qxc4 17. Nce2 Rb8 18. Ng3 Nxg3 19. hxg3 b4 20. b3 bxa3 21.
Ka2 Qb4 22. Qxb4 Rxb4 23. c4 O-O 24. Rh2 Rfb8 25. Rdh1 h6 26. gxh6 e5 27. hxg7 exd4 28. Rh8+ Kxg7 29. Bxd4+ f6 30. R1h7+ Kg6 31. Rxb8 Rxb8 32.
Rxe7 Rb7 33. f5+ Kh6 34. Bxf6 Bc8 35. Re8 1-0